 Dungeon Crawl Stone Soup version 0.23-a0-241-g3b46b07 (console) character file.

81 nht the Insei (level 4, -5/28 HPs)
             Began as an Octopode Transmuter on Sept 26, 2018.
             Slain by a worm (11 damage)
             ... on level 2 of the Dungeon.
             The game lasted 00:02:18 (1383 turns).

nht the Insei (Octopode Transmuter)                 Turns: 1383, Time: 00:02:19

Health: -5/28      AC:  1    Str:  9    XL:     4   Next: 42%
Magic:  6/7        EV: 13    Int: 16    God:
Gold:   59         SH:  0    Dex: 12    Spells: 6/7 levels left

rFire    . . .     SeeInvis .     - Unarmed
rCold    . . .     Gourm    .   (no shield)
rNeg     . . .     Faith    .   (helmet restricted)
rPois    .         Spirit   .   (no amulet)
rElec    .         Reflect  .   (no ring)
rCorr    .         Harm     .   (no ring)
MR       .....                  (no ring)
Stlth    ++........             (no ring)
HPRegen  0.09/turn              (no ring)
MPRegen  0.10/turn              (no ring)
                                (no ring)
                                (no ring)

@: appendage
A: almost no armour, stealthy swim, amphibious, 8 rings, constrict 8, tentacle
spike 3, camouflage 1, gelatinous body 1
a: End Transformation


You were on level 2 of the Dungeon.
You were not hungry.
One of your tentacles had a temporary spike.
You visited 1 branch of the dungeon, and saw 2 of its levels.

You collected 59 gold pieces.

Inventory:

Missiles
 a - 42 arrows
Scrolls
 b - a scroll of blinking {unknown}
Potions
 d - a potion of resistance {unknown}
 e - 2 potions of curing
 h - a potion of flight {unknown}
 i - a potion of invisibility {unknown}
Comestibles
 c - 2 rations
 f - 6 chunks of flesh


   Skills:
 - Level 1.0 Fighting
 - Level 2.0 Dodging
 * Level 4.5 Unarmed Combat
 - Level 2.0 Spellcasting
 + Level 3.0 Transmutations


You had 6 spell levels left.
You knew the following spells:

 Your Spells              Type           Power        Failure   Level  Hunger
a - Beastly Appendage     Tmut           ##....       6%          1    #......

Your spell library contained the following spells:

 Spells                   Type           Power        Failure   Level  Hunger
 Sticks to Snakes         Tmut           ##......     9%          2    ###....
 Spider Form              Tmut/Pois      #.........   32%         3    ###....
 Ice Form                 Ice/Tmut       #.......     73%         4    #####..
 Blade Hands              Tmut           ##........   86%         5    ######.


Dungeon Overview and Level Annotations

Branches:
Dungeon (2/15)

Altars:
Xom


Innate Abilities, Weirdness & Mutations

You cannot wear most types of armour.
You are very stealthy in the water. (Stealth+)
You are amphibious.
You can wear up to eight rings at the same time.
You can use your tentacles to constrict eight enemies at once.
Your skin changes colour to match your surroundings (Stealth+).
Your rubbery body absorbs attacks. (AC +1, EV +1)
One of your tentacles bears a large vicious spike.


Message History

Confirm with . or Enter, or press ? or * to list all spells.
One of your tentacles grows a vicious spike.
The helpless worm fails to defend itself.
You tentacle-slap the worm but do no damage.
Your grab misses the worm. You tentacle-slap the worm. You grab the worm.
The worm is moderately wounded.
You constrict the worm. The worm bites you!
* * * LOW HITPOINT WARNING * * *
You tentacle-slap the worm.
The worm is heavily wounded.
You constrict the worm. The worm misses you.
You tentacle-slap the worm.
The worm is heavily wounded.
You constrict the worm.
You tentacle-slap the worm but do no damage.
You pierce the worm.
The worm is severely wounded.
You constrict the worm. The worm bites you!
You die...

..█ ██..██ *,*
..███....█ █.█
......█..███████.█████
......█.+........█...█
..███....██████..█.█.█
..█ ██...█ █..█.█.█
..██ ██.██ █..█.█.█
...████.█ █.w█.█.█
██..██..█ █.@█.█.█
........███████..█.█.█
......(............█.█
...█████████████████.██
...█ █.............█
...█ █.█████████████
...█ █.█ ..[█ █.█ ...█
█.█


You could see a worm.

Vanquished Creatures
  2 adders (D:2)
  A worm (D:2)
  A dart slug (D:1)
  A leopard gecko (D:2)
  7 bats
  A giant cockroach (D:1)
  11 goblins
  4 hobgoblins
  9 jackals
  A quokka (D:2)
  A ball python (D:1)
  3 frilled lizards
  5 kobolds
  5 rats
52 creatures vanquished.

Notes
Turn   | Place    | Note
-------+----------+-------------------------------------------
     0 | D:1      | nht the Octopode Transmuter began the quest for the Orb.
     0 | D:1      | Reached XP level 1. HP: 13/13 MP: 3/3
     2 | D:1      | Noticed a formicid
     7 | D:1      | Noticed an elf
    10 | D:1      | Noticed a vampire
    12 | D:1      | Noticed a centaur
    16 | D:1      | Noticed an elf
    16 | D:1      | Noticed a minotaur skeleton
   342 | D:1      | Reached XP level 2. HP: 16/18 MP: 3/5
   485 | D:1      | Reached XP level 3. HP: 8/23 MP: 6/6
   842 | D:1      | Reached skill level 4 in Unarmed Combat
   859 | D:1      | You fall through a shaft!
   859 | D:2      | Found a shimmering altar of Xom.
  1088 | D:2      | Reached XP level 4. HP: 10/28 MP: 4/7
  1383 | D:2      | Slain by a worm

Vault maps used:
D:1:      shiori_arrival_whats_in_store_for_you
D:2:      cheibrodos_helix_gallery, nicolae_overflow_crystal_walls,
          palyth_stone_intersect

Skill      XL: |  1  2  3  4 |
---------------+-------------+-----
Unarmed Combat | 4 |  4.5
Transmutations | 3 |  3.0
Fighting       | |  1.0
Dodging        | |  2.0
Spellcasting   | |  2.0

Action                   |  1- 3 |  4- 6 || total
-------------------------+-------+-------++-------
Melee: Unarmed           |    90 |    27 ||   117
       Constrict         |    23 |     7 ||    30
       Tentacles         |    12 |     1 ||    13
       Kick              |    11 |     5 ||    16
 Cast: Beastly Appendage |    16 |     6 ||    22
  Use: Scroll            |     1 |     3 ||     4
       Potion            |       |     1 ||     1
 Stab: Sleeping          |     2 |     3 ||     5
  Eat: Chunk             |     1 |     1 ||     2
Armor: Skin              |    14 |     2 ||    16
Dodge: Dodged            |    57 |    17 ||    74

Table legend:
 A = Non-vault XP
 B = Vault XP
 C = Vault XP percentage of total XP
 D = Non-vault monster count
 E = Vault monster count
 F = Vault count percentage of total count
                 A         B        C        D         E       F
            +---------+---------+-------+---------+---------+-------
      Total |     113 |       4 |   3.4 |      50 |       2 |   3.8
            +---------+---------+-------+---------+---------+-------
        D:1 |      52 |       0 |   0.0 |      31 |       0 |   0.0
        D:2 |      61 |       4 |   6.2 |      19 |       2 |   9.5
            +---------+---------+-------+---------+---------+-------
